 Dungeon Crawl Stone Soup version 0.26.0-5-gb5863c6483 (webtiles) character file.

Game seed: 396197511672010370

106189 DildoBatman the Peltast (level 16, -13/127 HPs)
             Began as a Formicid Conjurer on Jan 10, 2021.
             Was an Initiate of Gozag.
             Killed from afar by Jorgrun (20 damage)
             ... with a blast of rock fragments
             ... on level 15 of the Dungeon.
             The game lasted 02:21:38 (29367 turns).

DildoBatman the Peltast (Formicid Conjurer)        Turns: 29367, Time: 02:21:39

Health: -13/127    AC: 17    Str: 12    XL:     16   Next: 98%
Magic:  8/39       EV: 19    Int: 32    God:    Gozag
Gold:   6038       SH: 12    Dex:  9    Spells: 18/35 levels left

rFire    + . .     SeeInvis +   b - +1 halberd of the Harvest {flame, rPois}
rCold    + . .     Faith    .   I - +0 kite shield "Gaufytin" {rC+ Regen+ Int+4}
rNeg     . . .     Spirit   .   o - +4 troll leather armour
rPois    +         Reflect  .   (helmet unavailable)
rElec    +         Harm     .   k - +2 cloak of Marbles {*Slow Int+3}
rCorr    .         Rampage  .   q - +0 pair of gloves {archery}
Will     +....                  (no boots)
Stlth    ++........             m - amulet of magic regeneration
HPRegen  1.11/turn              T - +4 ring of evasion
MPRegen  0.51/turn              t - ring of magical power

@: no status effects
A: permanent stasis, dig shafts and tunnels, four strong arms, antennae 3,
hooves 1, yellow scales 1, fire resistance 1, electricity resistance, sturdy
frame 1
a: Dig, Shaft Self, Renounce Religion, Potion Petition, Call Merchant, Bribe
Branch


You were on level 15 of the Dungeon.
You worshipped Gozag.
Gozag was greatly pleased with you.
You visited 4 branches of the dungeon, and saw 24 of its levels.
You also visited: Gauntlet and Ice Cave.

You collected 7581 gold pieces.
You spent 916 gold pieces at shops.
You paid 627 gold pieces to Gozag.

Inventory:

Hand Weapons
 a - the +5 sword of Power {vorpal}
   (You found it on level 1 of the Lair of Beasts)

   It inflicts extra damage upon your enemies.
 b - the +1 halberd of the Harvest (weapon) {flame, rPois}
   (You bought it in a shop on level 2 of the Orcish Mines)

   It has been specially enchanted to burn those struck by it, causing extra
   injury to most foes and up to half again as much damage against particularly
   susceptible opponents.
   Big, fiery blades are also staple armaments of hydra-hunters.
   It protects you from poison.
 c - a +4 hunting sling
 d - the +4 broad axe "Ultimatum" {flame, rF+++ rN+}
   (You took it off a tengu warrior on level 14 of the Dungeon)

   It has been specially enchanted to burn those struck by it, causing extra
   injury to most foes and up to half again as much damage against particularly
   susceptible opponents.
   Big, fiery blades are also staple armaments of hydra-hunters.
   It renders you almost immune to fire.
   It protects you from negative energy.
 e - the +0 trident of Ucvigaz {vorpal, *Rage +Blink rC+ Will+}
   (You found it on level 9 of the Dungeon)

   It inflicts extra damage upon your enemies.
   It protects you from cold.
   It affects your willpower, your defense against some magical effects.
   It lets you blink.
   It may make you go berserk in combat.
Missiles
 r - 18 silver javelins
 w - 92 sling bullets
 y - 76 bolts
 W - 9 javelins
 Z - 29 arrows
Armour
 k - the +2 cloak of Marbles (worn) {*Slow Int+3}
   (You found it in an ice cave)

   It affects your intelligence (+3).
   It may slow you when you take damage.
 o - a +4 troll leather armour (worn)
 q - a +0 pair of gloves of archery (worn)
 I - the +0 kite shield "Gaufytin" (worn) {rC+ Regen+ Int+4}
   (You bought it in a shop on level 6 of the Dungeon)

   It affects your intelligence (+4).
   It protects you from cold.
   It increases your rate of regeneration.
 S - a +2 cloak of willpower
Magical Staves
 M - an uncursed staff of air
Jewellery
 m - an amulet of magic regeneration (around neck)
 n - an uncursed amulet of reflection
 p - an uncursed ring of willpower
 s - an uncursed ring of protection from cold
 t - a ring of magical power (right hand)
 T - a +4 ring of evasion (left hand)
Wands
 f - a wand of disintegration (11)
 X - a wand of acid (10)
Scrolls
 g - 3 scrolls of amnesia
 i - 3 scrolls of fear
 x - a scroll of remove curse
 z - 7 scrolls of identify
 C - 5 scrolls of fog
 E - 7 scrolls of immolation
 J - a scroll of holy word
 L - a scroll of enchant armour
 R - 3 scrolls of torment
 Y - a scroll of acquirement
Potions
 h - a potion of invisibility
 l - 3 potions of curing
 u - 3 potions of ambrosia
 v - 3 potions of might
 B - 5 potions of flight
 G - 8 potions of brilliance
 K - a potion of heal wounds
 O - a potion of magic
Miscellaneous
 A - a tin of tremorstones (2/2)
 N - a condenser vane
 Q - a lightning rod (4/4)
 U - a tin of tremorstones (2/2)


   Skills:
 - Level 12.0 Fighting
 - Level 1.0 Long Blades
 - Level 1.0 Polearms
 - Level 1.0 Slings
 - Level 12.0 Armour
 - Level 8.0 Dodging
 - Level 2.4 Stealth
 - Level 15.0 Shields
 - Level 10.0 Spellcasting
 - Level 6.0 Conjurations
 * Level 13.3 Necromancy
 - Level 5.0 Fire Magic
 - Level 5.0 Air Magic
 - Level 4.0 Poison Magic


You had 18 spell levels left.
You knew the following spells:

 Your Spells              Type           Power        Failure   Level
a - Searing Ray           Conj           100%         1%          2
b - Conjure Flame         Conj/Fire      50%          1%          3
d - Vampiric Draining     Necr           39%          1%          3
e - Mephitic Cloud        Conj/Pois/Air  48%          1%          3
h - Dispel Undead         Necr           79%          1%          4
z - Sublimation of Blood  Necr           39%          1%          2

Your spell library contained the following spells:

 Spells                   Type           Power        Failure   Level
 Animate Skeleton         Necr           100%         0%          1
 Pain                     Necr           100%         0%          1
 Magic Dart               Conj           100%         1%          1
 Sting                    Tmut/Pois      100%         1%          1
 Corpse Rot               Necr/Air       N/A          1%          2
 Poisonous Vapours        Pois/Air       88%          1%          2
 Animate Dead             Necr           39%          1%          4
 Agony                    Necr           79%          1%          5
 Excruciating Wounds      Necr           39%          1%          5
 Death Channel            Necr           39%          1%          6
 Dazzling Flash           Conj/Hex       70%          2%          3
 Ignite Poison            Fire/Tmut/Pois 35%          2%          3
 Apportation              Tloc           32%          3%          1
 Corona                   Hex            17%          3%          1
 Summon Small Mammal      Summ           64%          3%          1
 Call Imp                 Summ           16%          4%          2
 Slow                     Hex            16%          4%          2
 Olgreb's Toxic Radiance  Pois           41%          6%          4
 Fulminant Prism          Conj/Hex       17%          9%          4
 Iskenderun's Mystic Bla  Conj/Tloc      35%          9%          4
 Call Canine Familiar     Summ           16%          10%         3
 Summon Guardian Golem    Hex/Summ       16%          10%         3
 Summon Lightning Spire   Summ/Air       32%          11%         4
 Cause Fear               Hex            8%           30%         4
 Summon Ice Beast         Ice/Summ       16%          30%         4
 Silence                  Hex/Air        16%          30%         5
 Simulacrum               Ice/Necr       28%          30%         6
 Yara's Violent Unravell  Hex/Tmut       8%           65%         5
 Borgnjor's Revivificati  Necr           39%          65%         8
 Infestation              Necr           39%          65%         8
 Haunt                    Necr/Summ      28%          86%         7
 Discord                  Hex            8%           100%        8
 Necromutation            Tmut/Necr      28%          100%        8
 Death's Door             Necr           39%          100%        9
 Blink                    Tloc           Unusable     N/A         2

Dungeon Overview and Level Annotations

Branches:
Dungeon (15/15)            Temple (1/1) D:5            Lair (6/6) D:8
  Swamp (0/4) Lair:3        Snake (0/4) Lair:3        Slime (0/5) Lair:5
    Orc (2/2) D:11            Elf (0/3) Orc:2        Vaults (0/5) D:13
 Depths (0/5) D:15          IceCv (visited)         Gauntlet (visited)

Altars:
Ashenzari
Cheibriados
Dithmenos
Elyvilon
Fedhas
Gozag
Hepliaklqana
Kikubaaqudgha
Makhleb
Nemelex Xobeh
Okawaru
Qazlal
Ru
Sif Muna
Trog
Uskayaw
Vehumet
Wu Jian
Xom
Yredelemnul
Zin
The Shining One
Beogh
Jiyva

Shops:
D:6 [   D:11 (*   D:12 (   Orc:1 :   Orc:2 [*((

Annotations:
D:15 Jorgrun
Orc:1 2 transporters, Tinen's ghost, journeyman TrMo


Innate Abilities, Weirdness & Mutations

You cannot be hasted, slowed, berserked, paralysed or teleported.
You can dig through walls and to a lower floor.
Your four strong arms can wield two-handed weapons with a shield.
You have a pair of large antennae on your head. (SInv)
You have large cloven feet.
You are partially covered in yellow scales. (AC +2)
Your flesh is heat resistant. (rF+)
You are resistant to electric shocks. (rElec)
Your movements are slightly less encumbered by armour. (ER -2)


Message History

The orc wizard closely misses you.
An orc comes into view.
It is wielding a +2 flail of holy wrath.
The grasping roots release their grip on you.
You retract your mandibles.
You extend your mandibles.
You dig through the rock wall.
You hear a shout!
Jorgrun points next to you and mumbles some strange words.
Some rock shatters into small pieces.
The orc warrior barely misses you.
You retract your mandibles.
The orc shouts!
The orc throws a boomerang.
The boomerang misses you.
The weapon returns to the orc!
Jorgrun gestures at you while chanting.
The wall shatters!
The blast of rock fragments hits you!!
You die...
Your body crumbles into a pile of gold.

#.* #.###****,,,*,,
#.* #.#..,,,,*,,*,,
#.* #.#.#***,*,,*,,
#.* #.#.# *,*,,*,, #.*
## #.#.# *,****,,
#.####.######.#.####.#
*,,
#........<...........#
*,*
########.#.##.#.####.#
*,* ##.@##...# #.##
*,* #........##
#..##*,#
###..#o#.o###...##.#
#.og.#..{o.^...#.#
#.#...###....#...#
#.##.## ##...#.#.#
#.#..# #...#.#Z.
#..#$# #.#...#.#
#.##.#####.#...#.#


You could see Jorgrun, an orc warrior, an orc wizard (fast) and an orc.

Vanquished Creatures
  A dire elephant (Lair:6)
  A minotaur (Gauntlet)
  Josephine (Lair:6)
  A fire dragon (Lair:6)
  A green death (Gauntlet)
  A rakshasa (D:14)
  3 boulder beetles
  2 vault guards (D:13)
  10 hydras
  2 death knights
  4 centaur warriors
  2 two-headed ogres
  12 death yaks
  A tengu warrior (D:14)
  8 orc high priests
  Urug (D:11)
  Nergalle (Lair:1)
  2 wizards (D:13)
  2 unseen horrors
  A swamp dragon (Lair:6)
  2 lindwurms (Lair:6)
  3 necromancers
  A wolf spider zombie (D:14)
  3 deep elf magi
  3 oklob plants (Lair:3)
  A wolf spider (D:15)
  2 manticores
  A cyclops (D:13)
  3 centaur zombies
  21 elephants
  6 black mambas
  2 gargoyles
  3 ice statues (IceCv)
  A torpor snail (Lair:2)
  An orange demon (Gauntlet)
  10 cane toads
  Maggie (D:7)
  2 rime drakes
  14 komodo dragons
  A kobold demonologist (D:14)
  9 ice devils (IceCv)
  A freezing wraith (D:14)
  4 hydra zombies
  14 polar bears
  6 trolls
  A tyrant leech (Gauntlet)
  2 hydra skeletons (Lair:2)
  3 blink frogs (Lair:6)
  19 slime creatures
  A raiju (Lair:6)
  3 dream sheep (Lair:2)
  Sigmund (D:5)
  A shadow (D:14)
  6 wyverns
  3 wraiths (Lair:6)
  4 basilisks
  64 yaks
  19 humans (D:13)
  4 steam dragons
  3 vampire mosquitoes (D:14)
  An ogre zombie (D:12)
  A two-headed ogre zombie (D:12)
  A human zombie (D:12)
  13 wargs
  3 acid dragons
  A harpy simulacrum (D:15)
  2 soldier ants (D:8)
  4 swamp worms (Gauntlet)
  14 hell hounds (Lair:6)
  10 water moccasins
  A hornet zombie (D:9)
  A swamp drake (Lair:6)
  27 orc warriors
  15 black bears
  4 phantoms
  3 ice beasts
  7 sky beasts
  2 ogres
  13 centaurs
  A manticore zombie (D:13)
  21 wolves
  A dream sheep skeleton (Lair:2)
  2 elf skeletons
  A rime drake zombie (IceCv)
  2 big kobolds
  A komodo dragon zombie (Lair:1)
  18 bullfrogs
  A wyvern zombie (D:14)
  2 cyclops zombies (D:14)
  A water moccasin zombie (Lair:1)
  A komodo dragon skeleton (Lair:2)
  5 scorpions
  A water moccasin skeleton (D:8)
  2 cyclops skeletons (D:13)
  A polar bear zombie (Lair:1)
  A yak zombie (IceCv)
  13 killer bees
  18 wights
  3 electric eels
  7 howler monkeys
  A yak skeleton (Lair:2)
  3 draconian simulacra (IceCv)
  2 kobold zombies
  2 bullfrog zombies
  3 hounds
  2 jellies (D:9)
  24 orc wizards
  Crazy Yiuf (D:2)
  A centaur skeleton (D:5)
  40 orc priests
  6 bullfrog skeletons
  A basilisk skeleton (D:13)
  Ijyb (D:5)
  5 iguanas
  4 hell rats (Lair:6)
  11 worker ants
  A spriggan simulacrum (IceCv)
  A troll simulacrum (IceCv)
  3 centaur simulacra (IceCv)
  An acid dragon skeleton (D:14)
  A sky beast zombie (D:14)
  A hound zombie (D:12)
  A hound skeleton (D:13)
  6 worker ant zombies
  11 gnolls
  2 naga simulacra (IceCv)
  7 adders
  A shadow imp (D:5)
  14 white imps
  3 ufetubi
  An ooze (D:7)
  An adder zombie (D:14)
  3 adder skeletons
  2 worms
  10 leopard geckos
  107 orcs
  2 ball pythons (D:2)
  10 bats
  A bat zombie (D:13)
  4 giant cockroaches
  15 goblins
  9 hobgoblins
  4 jackals (D:6)
  2 quokkas
  A ball python zombie (D:14)
  A dart slug zombie (D:14)
  3 frilled lizards
  A giant cockroach zombie (D:13)
  19 kobolds
  2 leopard gecko skeletons
  2 leopard gecko zombies
  5 orc skeletons
  2 quokka skeletons
  A quokka zombie (D:10)
  7 rats
  A butterfly (Lair:2)
908 creatures vanquished.

Vanquished Creatures (others)
  A basilisk (Lair:6)
  A water moccasin (Lair:2)
  A swamp drake (Lair:6)
  A black bear (Lair:6)
  4 iguanas (Lair:6)
  A hell rat (Lair:6)
  27 fungi
  56 plants
92 creatures vanquished.

Grand Total: 1000 creatures vanquished

Notes
Turn   | Place    | Note
-------+----------+-------------------------------------------
     0 | D:1      | DildoBatman the Formicid Conjurer began the quest for the
                  | Orb.
     0 | D:1      | Reached XP level 1. HP: 13/13 MP: 3/3
   363 | D:1      | Reached XP level 2. HP: 16/19 MP: 1/5
   717 | D:1      | Reached XP level 3. HP: 24/24 MP: 3/6
   751 | D:1      | Learned a level 2 spell: Searing Ray
  1447 | D:2      | Reached XP level 4. HP: 30/30 MP: 2/7
  1448 | D:2      | Reached skill level 5 in Conjurations
  1903 | D:2      | Reached XP level 5. HP: 35/35 MP: 5/8
  1915 | D:2      | Found a hazy altar of Hepliaklqana.
  2057 | D:2      | Found a runed translucent door.
  2058 | D:2      | Noticed Crazy Yiuf
  2966 | D:4      | Found a sparkling altar of Nemelex Xobeh.
  2968 | D:4      | Found an iron altar of Okawaru.
  2968 | D:4      | Found a blossoming altar of Fedhas.
  2970 | D:4      | Found a blossoming altar of Fedhas.
  2970 | D:4      | Found a shimmering altar of Xom.
  2970 | D:4      | Found an ornate altar of the Wu Jian Council.
  3020 | D:4      | Reached XP level 6. HP: 42/42 MP: 10/10
  3046 | D:4      | Reached skill level 1 in Fighting
  3046 | D:4      | Reached skill level 1 in Slings
  3046 | D:4      | Reached skill level 1 in Armour
  3233 | D:4      | Reached XP level 7. HP: 50/50 MP: 12/12
  3362 | D:4      | Found an ornate altar of the Wu Jian Council.
  3504 | D:5      | Entered Level 5 of the Dungeon
  3578 | D:5      | Noticed Sigmund
  3726 | D:5      | Reached skill level 5 in Spellcasting
  3763 | D:5      | Found a staircase to the Ecumenical Temple.
  3771 | Temple   | Entered the Ecumenical Temple
  4017 | Temple   | Became a worshipper of Kikubaaqudgha
  4062 | D:5      | Noticed Ijyb
  4072 | D:5      | Killed Ijyb
  4133 | D:5      | Reached XP level 8. HP: 56/56 MP: 16/16
  4321 | D:5      | Found a sparkling altar of Nemelex Xobeh.
  4591 | D:5      | Killed Sigmund
  4679 | D:2      | Killed Crazy Yiuf
  4750 | D:3      | Gained mutation: You occasionally shout uncontrollably at
                  | your foes. [mutagenic glow]
  4762 | D:4      | Gained mutation: You are frail. (-10% HP) [mutagenic glow]
  4801 | D:6      | Reached * piety under Kikubaaqudgha
  4801 | D:6      | Identified Kikubaaqudgha's Papyrus of Unholy Magic
                  | (Kikubaaqudgha gifted it to you on level 6 of the Dungeon)
  4801 | D:6      | Received a gift from Kikubaaqudgha
  4881 | D:6      | Found Dadesom's Armour Boutique.
  4960 | D:6      | Reached skill level 1 in Necromancy
  5094 | D:6      | Reached XP level 9. HP: 55/57 MP: 19/19
  5265 | D:7      | Noticed Maggie
  5276 | D:7      | Killed Maggie
  5334 | D:7      | Found a stormy altar of Qazlal.
  5335 | D:7      | Found a glowing golden altar of the Shining One.
  5373 | D:7      | Learned a level 2 spell: Sublimation of Blood
  5377 | D:7      | Learned a level 3 spell: Vampiric Draining
  5388 | D:7      | Found a snail-covered altar of Cheibriados.
  5421 | D:7      | Found a shadowy altar of Dithmenos.
  5423 | D:7      | Found a broken altar of Ashenzari.
  5672 | D:7      | Reached skill level 5 in Armour
  5674 | D:7      | Reached skill level 5 in Fighting
  5675 | D:7      | Reached ** piety under Kikubaaqudgha
  5746 | D:7      | Found a glowing silver altar of Zin.
  6002 | D:8      | Reached XP level 10. HP: 48/66 MP: 20/20
  6005 | D:8      | Found a bloodstained altar of Trog.
  6077 | D:8      | Noticed a death yak
  6092 | D:8      | Noticed a death yak
  6114 | D:8      | Reached skill level 5 in Necromancy
  6257 | D:8      | Found a staircase to the Lair.
  6258 | D:8      | Noticed a death yak
  6260 | D:8      | Noticed a death yak
  6302 | D:8      | Noticed a death yak
  6303 | D:8      | Noticed a death yak
  6304 | D:8      | Noticed a death yak
  6311 | D:8      | HP: 2/66 [death yak (22)]
  7141 | D:9      | Found a radiant altar of Vehumet.
  7142 | D:9      | Got a fine trident
  7143 | D:9      | Identified the cursed +0 trident of Ucvigaz {vorpal, *Rage
                  | +Blink rC+ Will+} (You found it on level 9 of the Dungeon)
  7350 | D:9      | Reached *** piety under Kikubaaqudgha
  7350 | D:9      | Identified Kikubaaqudgha's Incunabulum of Darkness
                  | (Kikubaaqudgha gifted it to you on level 9 of the Dungeon)
  7350 | D:9      | Received a gift from Kikubaaqudgha
  7357 | D:9      | Learned a level 4 spell: Dispel Undead
  7811 | D:9      | Found a shimmering blue altar of Sif Muna.
  7834 | D:9      | Identified Sif Muna's Incunabulum of Evil
  7949 | D:10     | Entered Level 10 of the Dungeon
  7949 | D:10     | Noticed a komodo dragon
  7958 | D:10     | Killed a komodo dragon
  8196 | D:10     | Learned a level 3 spell: Conjure Flame
  8200 | D:10     | Learned a level 3 spell: Mephitic Cloud
  8255 | D:10     | Reached skill level 1 in Poison Magic
  8292 | D:10     | Reached skill level 1 in Fire Magic
  8472 | D:10     | Reached skill level 1 in Air Magic
  8472 | D:10     | Reached XP level 11. HP: 26/71 MP: 21/21
  8814 | D:11     | Noticed Urug
  8827 | D:11     | Found Kadoed's Changing Room.
  8846 | D:11     | Bought a potion of mutation for 120 gold pieces
  8846 | D:11     | Bought a potion of mutation for 120 gold pieces
  8850 | D:11     | Lost mutation: You occasionally shout uncontrollably at
                  | your foes. [potion of mutation]
  8850 | D:11     | Lost mutation: You are frail. (-10% HP) [potion of
                  | mutation]
  8850 | D:11     | Gained mutation: Your muscles are strong. (Str +2) [potion
                  | of mutation]
  8850 | D:11     | Gained mutation: You are clumsy. (Dex -2) [potion of
                  | mutation]
  8850 | D:11     | Gained mutation: You evolve. [potion of mutation]
  9097 | D:11     | Reached **** piety under Kikubaaqudgha
  9376 | D:11     | Found a staircase to the Orcish Mines.
  9614 | D:11     | Found a roughly hewn altar of Beogh.
  9782 | D:11     | Found Guorim's Weapon Emporium.
  9806 | D:11     | Noticed a manticore
  9834 | D:11     | Killed a manticore
  9835 | D:11     | Reached skill level 5 in Fire Magic
 10067 | D:11     | Killed Urug
 10080 | D:11     | Gained mutation: You are frail. (-10% HP) [evolution]
 10378 | Orc:1    | Entered Level 1 of the Orcish Mines
 10401 | Orc:1    | Found Yczis's Book Boutique.
 10534 | Orc:1    | Reached ***** piety under Kikubaaqudgha
 10665 | Orc:1    | Noticed an orc high priest
 10727 | Orc:1    | Killed an orc high priest
 10728 | Orc:1    | Reached XP level 12. HP: 58/78 MP: 23/23
 10945 | Orc:1    | Found a transporter.
 10947 | Orc:1    | Found a transporter.
 10947 | Orc:1    | Noticed Tinen's ghost (journeyman TrMo)
 10947 | Orc:1    | Noticed a two-headed ogre
 10948 | Orc:1    | Noticed a two-headed ogre
 10949 | Orc:1    | Identified the +11 great mace of Frustration {flame,
                  | Stlth+}
 10949 | Orc:1    | Noticed an ettin
 10974 | Orc:2    | Entered Level 2 of the Orcish Mines
 11191 | Orc:2    | Noticed an orc high priest
 11223 | Orc:2    | Killed an orc high priest
 11224 | Orc:2    | Reached skill level 5 in Dodging
 11232 | Orc:2    | Noticed an orc high priest
 11244 | Orc:2    | Noticed a sixfirhy
 11248 | Orc:2    | Killed an orc high priest
 11366 | Orc:2    | Noticed an orc high priest
 11380 | Orc:2    | Noticed an orc high priest
 11381 | Orc:2    | Killed an orc high priest
 11391 | Orc:2    | Killed an orc high priest
 11419 | Orc:2    | Reached skill level 10 in Necromancy
 11498 | Orc:2    | HP: 1/80 [orc priest/divine providence (12)]
 11791 | Orc:2    | Noticed an orc high priest
 11889 | Orc:2    | Noticed an orc high priest
 11891 | Orc:2    | Killed an orc high priest
 11927 | Orc:2    | Killed an orc high priest
 11976 | Orc:2    | Found Sewol's Antique Weapon Boutique.
 11976 | Orc:2    | Found Zotryad's Weapon Emporium.
 11993 | Orc:2    | Found a roughly hewn altar of Beogh.
 12171 | Orc:2    | Found Qiohear's Armour Boutique.
 12171 | Orc:2    | Found Tasadu's Assorted Antiques.
 12182 | Orc:2    | Noticed an orc high priest
 12193 | Orc:2    | Noticed a sixfirhy
 12258 | Orc:2    | Killed an orc high priest
 12458 | Orc:2    | Bought a scroll labelled DUQISORYFI for 28 gold pieces
 12458 | Orc:2    | Bought a scroll labelled MOUSEM BOISSO for 28 gold pieces
 12458 | Orc:2    | Bought a bubbling amethyst potion for 25 gold pieces
 12513 | Orc:2    | Found a staircase to the Elven Halls.
 12708 | Orc:2    | Found a roughly hewn altar of Beogh.
 13065 | Orc:2    | Bought an ancient halberd for 333 gold pieces
 13065 | Orc:2    | Identified the cursed +1 halberd of the Harvest {flame,
                  | rPois} (You bought it in a shop on level 2 of the Orcish
                  | Mines)
 13277 | D:8      | Killed a death yak
 13279 | D:8      | Killed a death yak
 13280 | D:8      | Reached XP level 13. HP: 75/88 MP: 25/25
 13588 | D:8      | You fall into a shaft and drop 2 floors!
 13773 | D:12     | Reached skill level 10 in Armour
 13871 | D:12     | Found Iholeq's Antique Weapon Boutique.
 13880 | D:12     | Reached skill level 1 in Polearms
 14036 | D:12     | Noticed a boulder beetle
 14141 | D:12     | Killed a boulder beetle
 14141 | D:12     | Reached ****** piety under Kikubaaqudgha
 14142 | D:12     | Reached skill level 10 in Fighting
 14142 | D:12     | Received a gift from Kikubaaqudgha
 14146 | D:12     | Fell from the grace of Kikubaaqudgha
 14304 | Temple   | Became a worshipper of Gozag Ym Sagoz the Greedy
 14497 | D:8      | Gained mutation: Your flesh is heat resistant. (rF+)
                  | [evolution]
 14497 | D:8      | Lost mutation: You evolve. [end of evolution]
 14498 | D:8      | Lost mutation: Your muscles are strong. (Str +2) [potion of
                  | mutation]
 14498 | D:8      | Lost mutation: You are clumsy. (Dex -2) [potion of
                  | mutation]
 14498 | D:8      | Gained mutation: Your flesh is very heat resistant. (rF++)
                  | [potion of mutation]
 14498 | D:8      | Lost mutation: You are frail. (-10% HP) [potion of
                  | mutation]
 14498 | D:8      | Gained mutation: You have large cloven feet. [potion of
                  | mutation]
 15975 | D:6      | Bought the cursed +0 kite shield "Gaufytin" {rC+ Regen+
                  | Int+4} for 262 gold pieces
 16263 | D:11     | Reached skill level 1 in Shields
 16293 | D:11     | Reached skill level 2 in Shields
 16350 | D:13     | Reached skill level 3 in Shields
 16414 | D:13     | Noticed a centaur warrior
 16426 | D:13     | Killed a centaur warrior
 16427 | D:13     | Reached skill level 4 in Shields
 16559 | D:13     | Reached skill level 5 in Shields
 16755 | D:13     | Reached skill level 6 in Shields
 16803 | D:13     | Noticed a centaur warrior
 16824 | D:13     | Killed a centaur warrior
 16825 | D:13     | Reached XP level 14. HP: 78/110 MP: 20/26
 16953 | D:13     | Reached skill level 7 in Shields
 17432 | D:13     | Reached skill level 8 in Shields
 17657 | D:13     | Reached skill level 9 in Shields
 17771 | D:13     | Found a gate to the Vaults.
 18311 | D:14     | Reached skill level 5 in Air Magic
 18823 | D:14     | Identified the +4 broad axe "Ultimatum" {flame, rF+++ rN+}
 19144 | D:14     | You fall into a shaft and drop 1 floor!
 19144 | D:15     | Entered Level 15 of the Dungeon
 19144 | D:15     | Noticed Jorgrun
 19953 | Lair:1   | Entered Level 1 of the Lair of Beasts
 20234 | Lair:1   | Found the +5 sword of Power {vorpal}
 20237 | Lair:1   | Noticed Nergalle
 20257 | Lair:1   | Reached XP level 15. HP: 119/119 MP: 27/27
 20265 | Lair:1   | Killed Nergalle
 21064 | Lair:2   | Reached skill level 1 in Long Blades
 21126 | Lair:2   | Found a frozen archway.
 21215 | IceCv    | Entered an ice cave
 21436 | IceCv    | Was forgiven by Kikubaaqudgha
 21534 | IceCv    | Reached skill level 10 in Shields
 21652 | IceCv    | Got a polished cloak
 21838 | Lair:2   | Identified the +2 cloak of Marbles {*Slow Int+3} (You found
                  | it in an ice cave)
 22057 | Lair:2   | Reached skill level 11 in Shields
 22397 | Lair:2   | Found an opulent altar of Gozag.
 22776 | Lair:3   | Found a staircase to the Swamp.
 22989 | Lair:3   | Found a staircase to the Snake Pit.
 23151 | Lair:3   | Reached skill level 12 in Shields
 23846 | Lair:3   | Identified a scroll of acquirement
 23934 | Lair:4   | Reached skill level 13 in Shields
 24022 | Lair:4   | Found a gate leading to a gauntlet.
 24035 | Gauntlet | Entered a Gauntlet
 24035 | Gauntlet | Found a transporter.
 24038 | Gauntlet | Found a transporter.
 24053 | Gauntlet | Found a transporter.
 24056 | Gauntlet | Found a transporter.
 24066 | Gauntlet | Found a transporter.
 24086 | Gauntlet | Found a transporter.
 24099 | Gauntlet | Found a transporter.
 24122 | Gauntlet | Found a transporter.
 24123 | Gauntlet | Found a transporter.
 24131 | Gauntlet | Found a transporter.
 24150 | Gauntlet | Found a transporter.
 24154 | Gauntlet | Found a transporter.
 24436 | Gauntlet | Got a brightly glowing turquoise ring
 24538 | Gauntlet | Identified the cursed ring "Jenome Doun" {*Drain rC- Will++
                  | AC-4 Int+9} (You found it in a Gauntlet)
 24976 | Lair:4   | Reached skill level 14 in Shields
 25223 | Lair:4   | Reached XP level 16. HP: 101/109 MP: 28/28
 26250 | Lair:5   | Reached skill level 15 in Shields
 27056 | Lair:5   | Found a viscous altar of Jiyva.
 27056 | Lair:5   | Found a staircase to the Slime Pits.
 27172 | Lair:6   | Entered Level 6 of the Lair of Beasts
 27629 | Lair:6   | Reached skill level 10 in Spellcasting
 27629 | Lair:6   | Noticed Josephine
 27733 | Lair:6   | Killed Josephine
 28720 | Lair:6   | Got an ichor-stained rapier
 28976 | Lair:6   | Identified the +3 rapier "Alyimp" {venom, rF+ Str+9 Dex-5}
                  | (You found it on level 6 of the Lair of Beasts)
 29160 | D:8      | Lost mutation: Your flesh is very heat resistant. (rF++)
                  | [potion of mutation]
 29160 | D:8      | Gained mutation: You are resistant to electric shocks.
                  | (rElec) [potion of mutation]
 29160 | D:8      | Gained mutation: You are partially covered in yellow
                  | scales. (AC +2) [potion of mutation]
 29160 | D:8      | Gained mutation: Your movements are slightly less
                  | encumbered by armour. (ER -2) [potion of mutation]
 29359 | D:15     | HP: 4/127 [Jorgrun/+0 vorpal quarterstaff (12)]
 29367 | D:15     | Killed from afar by Jorgrun

Illustrated notes

Levels and vault maps discovered:
D:1:      dpeg_arrival_simpleton_a, layout_loops_corners
D:2:      layout_basic, nzn_hepliaklqana_mist_gate, uniq_crazy_yiuf_cottage
D:3:      layout_loops_ring
D:4:      layout_basic, pdpol_wu_jian_five_deadly_venoms, doesnt_xom_only_xom
D:5:      layout_loops_cross, nemelex_xobeh_ov_fountains_minmay,
          minmay_temple_entry_wispy, uniq_ijyb, uniq_sigmund
D:6:      layout_cave_pools, serial_shops, kennysheep_mini_moat
D:7:      layout_gridville, overflow_temple_1_default,
          grunt_temple_overflow_open, uniq_maggie
D:8:      layout_rooms, trog_ov_bears_minmay, dpeg_lair_monsters, serial_rivers,
          chequers_serial_rivers_small_b, chequers_serial_rivers_micro_c,
          chequers_serial_rivers_small_b, chequers_serial_rivers_micro_d,
          hangedman_pestilent_swarm
D:9:      layout_irregular_city, lemuel_crystal_altar, led_sif_book
D:10:     layout_irregular_city, kennysheep_generic_room_2
D:11:     layout_cave_pools, david_orc_1_choice, serial_shops, shop_coins,
          special_room [special_room_orc], skrybe_limestone_x,
          nicolae_transmutations_shop, uniq_urug
D:12:     layout_irregular_city, serial_shops, shop
D:13:     layout_loops_cross, grunt_vaults_entry_tiered, minivault_20
D:14:     layout_layer_cave, serial_rivers, chequers_serial_rivers_small_3,
          chequers_serial_rivers_micro_b, chequers_serial_rivers_large_b,
          chequers_serial_rivers_micro_a, chequers_serial_rivers_room_a
D:15:     grunt_enter_depths_magical_seal, layout_basic, palyth_stone_intersect,
          uniq_jorgrun
Temple:   jpeg_temple_island
Lair:1:   layout_long_grid, chequers_serial_rivers_micro_b,
          cheibrodos_lair_lostbears, uniq_nergalle
Lair:2:   layout_gridlike, basic_altar, portal_ice_cave_entry_imps,
          serial_bayou_pond_d, grunt_megastairs_2, lemuel_fruit_tree,
          lemuel_fruit_fields
Lair:3:   layout_cave_pods, swamp_mist, dummy_snake_entry,
          minmay_lair_oklob_chamber
Lair:4:   layout_hall_layers, gauntlet_entry_generic,
          eino_small_chamber_without_monster, serial_bayou_shore_a,
          grunt_megastairs_4
Lair:5:   layout_cave_pods, dpeg_slime_entry_enclosed_altar, grunt_megastairs_3,
          infiniplex_staircase_pool
Lair:6:   hangedman_lair_caniforms_friends, layout_gridlike,
          guppyfry_lair_end_dragon, chequers_serial_rivers_micro_e, st_stairs_4,
          grunt_megastairs_1, infiniplex_staircase_pool_2, uniq_josephine
Orc:1:    layout_caves, serial_shops, shop, gammafunk_ghost_smash
Orc:2:    st_orc_town, layout_caves, minmay_orc_temple_b

Skill      XL: |  1  2  3  4  5  6  7  8  9 10 11 12 13 14 15 16 |
---------------+-------------------------------------------------+-----
Conjurations   | 4 5 6 |  6.0
Spellcasting   | 3 5 7 8 10 | 10.0
Fighting       | 2 3 5 8 10 11 12 | 12.0
Slings         | 1 |  1.0
Armour         | 2 3 6 7 9 10 11 12 | 12.0
Dodging        | 2 4 6 7 8 |  8.0
Necromancy     | 1 4 9 10 11 12 13 | 13.3
Poison Magic   | 1 4 |  4.0
Fire Magic     | 1 5 |  5.0
Air Magic      | 1 4 5 |  5.0
Polearms       | 1 |  1.0
Shields        | 6 9 14 15 | 15.0
Long Blades    | 1 |  1.0
Stealth        | |  2.4

Action                   |  1- 3 |  4- 6 |  7- 9 | 10-12 | 13-15 | 16-18 || total
-------------------------+-------+-------+-------+-------+-------+-------++-------
Melee: Dagger            |    10 |    16 |       |       |       |       ||    26
       Short sword       |       |    12 |       |       |       |       ||    12
       Mace              |       |       |       |   177 |   245 |       ||   422
       Trident           |       |       |       |     8 |     5 |       ||    13
       Halberd           |       |       |       |     1 |   349 |     1 ||   351
       Kick              |       |       |       |       |   220 |   107 ||   327
       Scimitar          |       |       |       |       |     8 |       ||     8
       Great sword       |       |       |       |       |   343 |   413 ||   756
       Broad axe         |       |       |       |       |    12 |    39 ||    51
 Fire: Hunting sling     |       |    13 |   129 |   475 |    66 |       ||   683
 Cast: Magic Dart        |    50 |    41 |     3 |    11 |     2 |       ||   107
       Searing Ray       |     3 |    13 |    63 |    60 |    10 |       ||   149
       Vampiric Draining |       |       |       |   123 |   142 |    65 ||   330
       Sublimation of Bl |       |       |       |     6 |    17 |     1 ||    24
       Dispel Undead     |       |       |       |     4 |    12 |     3 ||    19
       Mephitic Cloud    |       |       |       |    60 |    81 |     6 ||   147
       Conjure Flame     |       |       |       |    45 |   108 |     1 ||   154
Invok: Receive Necronomi |       |       |       |       |     1 |       ||     1
       Renounce Religion |       |       |       |       |     1 |       ||     1
 Abil: Dig               |       |     1 |     5 |    56 |   143 |    20 ||   225
       Shaft Self        |       |       |       |       |     1 |       ||     1
Evoke: Wand              |       |       |       |     2 |       |       ||     2
  Use: Scroll            |       |       |     8 |    13 |    16 |     6 ||    43
       Potion            |       |       |       |     1 |     3 |     3 ||     7
 Stab: Sleeping          |       |     1 |       |     3 |     1 |       ||     5
       Confused          |       |       |       |     3 |    22 |       ||    25
       Distracted        |       |       |       |       |     3 |     5 ||     8
Armor: Robe              |     3 |     8 |     4 |       |       |       ||    15
       Steam dragon scal |       |       |     3 |   102 |       |       ||   105
       Troll leather arm |       |       |       |    13 |   297 |   213 ||   523
Dodge: Dodged            |    11 |    35 |    53 |   374 |   717 |   571 ||  1761
Block: Kite shield       |       |       |       |       |   449 |   515 ||   964
       Rpst.: Great sword |       |       |       |       |    74 |   109 ||   183
